 Dungeon Crawl Stone Soup version 0.28.0-43-g3370ac3207 (webtiles) character file.

Game seed: 15959433757927772910

229 NinjaNoafa the Sneak (level 6, -3/37 HPs)
             Began as a Kobold Brigand on Apr 1, 2022.
             Was a Believer of Nemelex Xobeh.
             Slain by Crazy Yiuf
             ... wielding a +3 quarterstaff of chaos
              (8 damage)
             ... on level 2 of the Dungeon.
             The game lasted 00:08:28 (2415 turns).

NinjaNoafa the Sneak (Kobold Brigand)               Turns: 2415, Time: 00:08:30

Health: -3/37      AC:  3    Str:  8    XL:     6   Next: 23%
Magic:  4/6        EV: 15    Int: 12    God:    Nemelex Xobeh [**....]
Gold:   111        SH:  0    Dex: 19    Spells: 5/5 levels left

rFire   . . .      SeeInvis .   a - +2 dagger
rCold   . . .      Faith    .   (no shield)
rNeg    . . .      Spirit   .   b - +0 robe
rPois   .          Reflect  .   (no helmet)
rElec   .          Harm     .   c - +0 cloak
rCorr   .          Rampage  .   (no gloves)
Will    .....                   (no boots)
Stlth   +++++.....              j - amulet of magic regeneration
HPRegen 0.12/turn               (no ring)
MPRegen 0.50/turn               (no ring)

@: no status effects
A: small, no large weapons, nightstalker 3
a: Renounce Religion, Draw Escape, Draw Destruction, Draw Summoning


You were on level 2 of the Dungeon.
You worshipped Nemelex Xobeh.
Nemelex Xobeh was pleased with you.
You visited 1 branch of the dungeon, and saw 2 of its levels.

You collected 111 gold pieces.

Inventory:

Hand Weapons
 a - a +2 dagger (weapon)
 f - a +2 whip of venom
Missiles
 d - 11 poisoned darts (quivered)
 g - 63 stones
Armour
 b - a +0 robe (worn)
 c - a +0 cloak (worn)
Jewellery
 j - an amulet of magic regeneration (around neck)


   Skills:
 + Level 3.2 Fighting
 * Level 4.6 Short Blades
 + Level 3.2 Throwing
 + Level 2.7 Dodging
 * Level 6.9 Stealth
 - Level 0.1 Invocations


You had 5 spell levels left.
You didn't know any spells.
Your spell library was empty.

Dungeon Overview and Level Annotations

Branches:
Dungeon (2/15)

Altars:
Nemelex Xobeh

Annotations:
D:2 Crazy Yiuf


Innate Abilities, Weirdness & Mutations

You are small and have problems with some larger weapons.
You are completely attuned to the shadows.


Message History

Found a stone staircase leading up.
You see here a +0 short sword.
Found a mace.
Throw: 63 stones
Press: ? - help, Q - select action, (/) - cycle Shift-Dir - straight line, f - you
Okay, then.
Found a runed translucent door.
Found a mace.
As you open the door, it creaks loudly!
Throw: dart (curare)
Press: ? - help, Q - select action, (/) - cycle Shift-Dir - straight line, f - Crazy Yiuf
Aim: Crazy Yiuf, wielding a +3 quarterstaff of chaos and wearing a +0 cloak (66% to hit)
You throw a curare-tipped dart.
The curare-tipped dart barely misses Crazy Yiuf.
Throw: 12 darts (poison)
Press: ? - help, Q - select action, (/) - cycle Shift-Dir - straight line, f/p - Crazy Yiuf
Aim: Crazy Yiuf, wielding a +3 quarterstaff of chaos and wearing a +0 cloak (66% to hit)
You throw a poisoned dart. The poisoned dart hits Crazy Yiuf.
Crazy Yiuf is poisoned.
As you read the scroll labelled SAQECU CUFODI, it crumbles to dust.
Your body is wracked with pain!
Crazy Yiuf convulses!
It was a scroll of torment.
Crazy Yiuf hits you with a +3 quarterstaff of chaos!
Crazy Yiuf burns you.
* * * LOW HITPOINT WARNING * * *
You aren't carrying any potions.
You aren't carrying any potions.
Crazy Yiuf looks more healthy.
Crazy Yiuf laughs, "Citrus hog Hive!"
Crazy Yiuf screams, "Liver water light!"
Crazy Yiuf hits you with a +3 quarterstaff of chaos!
* * * LOW HITPOINT WARNING * * *
You feel your power leaking away.
You draw a card...
You have drawn the Orb.
Press: ? - help, Shift-Dir - straight line, f/p - Crazy Yiuf
Aim: Crazy Yiuf, wielding a +3 quarterstaff of chaos and wearing a +0 cloak (severely wounded) Crazy Yiuf hits you with a +3 quarterstaff of chaos!
You die...
Your body glows slightly and disappears.

..#...# #....# #...........#....
..#...## ##..## ####.....####....
..#....###...# #.....####....
..........#.########........#<...
..................##........#####
..................##.............
...............*..##.............
..............*gā—‹*##.............
...............ā—‹@................
..........)#...ā—‹.ā˜¼...............
...........#...*.*...............
...........#......###............
...........#......# ............
..####.....# .....# ........ #.....#
..###### #.....# ..


You could see Crazy Yiuf (ally target).

Vanquished Creatures
  Sigmund (D:2)
  2 adders (D:2)
  A dart slug (D:1)
  3 bats
  6 endoplasms
  5 giant cockroaches
  5 goblins (D:1)
  6 hobgoblins
  4 jackals (D:1)
  2 quokkas (D:1)
  2 ball pythons
  2 frilled lizards
  5 kobolds
  5 rats (D:1)
49 creatures vanquished.

Notes
Turn   | Place    | Note
-------+----------+-------------------------------------------
     0 | D:1      | NinjaNoafa the Kobold Brigand began the quest for the Orb.
     0 | D:1      | Reached XP level 1. HP: 12/12 MP: 1/1
   157 | D:1      | Reached XP level 2. HP: 6/18 MP: 2/2
   564 | D:1      | Found a faded altar of an unknown god.
   573 | D:1      | Prayed at the altar of an unknown god.
   573 | D:1      | Became a worshipper of Nemelex Xobeh the Trickster
   573 | D:1      | Reached * piety under Nemelex Xobeh
   623 | D:1      | Reached XP level 3. HP: 22/22 MP: 3/3
   727 | D:1      | Received a gift from Nemelex Xobeh
  1210 | D:1      | Reached skill level 6 in Stealth
  1552 | D:2      | Reached XP level 4. HP: 27/27 MP: 4/4
  1675 | D:2      | Noticed Sigmund
  1702 | D:2      | Killed Sigmund
  1703 | D:2      | Reached XP level 5. HP: 13/32 MP: 5/5
  1703 | D:2      | Reached XP level 6. HP: 15/37 MP: 6/6
  1965 | D:2      | Reached ** piety under Nemelex Xobeh
  2392 | D:2      | Found a runed translucent door.
  2395 | D:2      | Noticed Crazy Yiuf
  2415 | D:2      | Slain by Crazy Yiuf

Illustrated notes

Levels and vault maps discovered:
D:1:      zelgadis_glass_arrival_small, layout_basic,
          shapermc_ecumenical_altar_pompeii, minmay_crystal_water
D:2:      layout_basic, st_stairs_3, uniq_crazy_yiuf_cottage, uniq_sigmund

Skill      XL: |  1  2  3  4 |
---------------+-------------+-----
Short Blades   | 3 4 |  4.6
Stealth        | 6 |  6.9
Dodging        | 2 |  2.7
Fighting       | 3 |  3.2
Throwing       | 3 |  3.2
Invocations    | |  0.1

Action                   |  1- 3 |  4- 6 || total
-------------------------+-------+-------++-------
Melee: Whip              |    28 |       ||    28
       Punch             |     1 |     1 ||     2
       Dagger            |    46 |    86 ||   132
Throw: Stone             |     5 |    11 ||    16
       Dart              |     4 |     8 ||    12
Invok: Draw Destruction  |       |     1 ||     1
  Use: Potion            |       |     2 ||     2
       Scroll            |       |     1 ||     1
 Stab: Sleeping          |    18 |     4 ||    22
Armor: Robe              |     6 |     7 ||    13
       Skin              |       |    24 ||    24
Dodge: Dodged            |    34 |    47 ||    81
